 Dungeon Crawl Stone Soup version 0.30.2 (webtiles) character file.

Game seed: 4521862605990266064

2966 porpoise the Chopper (level 9, -5/72 HPs)
             Began as a Demonspawn Gladiator on Feb 7, 2024.
             Was a Follower of Fedhas.
             Slain by a yak (12 damage)
             ... on level 7 of the Dungeon.
             The game lasted 00:20:28 (5700 turns).

porpoise the Chopper (Demonspawn Gladiator)         Turns: 5700, Time: 00:20:28

Health: -5/72      AC:  6    Str: 21    XL:     9   Next: 52%
Magic:  13/13      EV: 13    Int: 14    God:    Fedhas [*.....]
Gold:   305        SH:  0    Dex: 19    Spells: 8/8 levels left

rFire   + . .        a - +0 war axe
rCold   + . .        (no shield)
rNeg    . . .        w - +2 robe {rC+ rF+}
rPois   +            B - +0 helmet
rElec   .            (no cloak)
rCorr   .            q - +0 pair of gloves
SInv    .            (no boots)
Will    .....        (no amulet)
Stlth   ++           k - +6 ring of dexterity
HPRegen 0.32/turn    c - ring "Ymneirog" {rPois Str+5 Int+3 Dex-3 Slay+5}
MPRegen 0.13/turn

%: no passive effects
@: no status effects
A: demonic guardian 1, spiny 2, weakness stinger 1
a: Renounce Religion


You were on level 7 of the Dungeon.
You worshipped Fedhas.
Fedhas was aware of your devotion.
You visited 2 branches of the dungeon, and saw 9 of its levels.

You collected 305 gold pieces.

Inventory:

Hand Weapons
 a - a +0 war axe (weapon)
 b - a +0 longbow
 p - a +0 sling
 K - a +1 dagger of venom
Missiles
 d - 2 throwing nets (quivered)
 e - 7 javelins
 f - 6 poisoned darts
 r - 18 boomerangs
Armour
 q - a +0 pair of gloves (worn)
 w - a +2 robe of resistance (worn)
 B - a +0 helmet (worn)
Jewellery
 c - the ring "Ymneirog" (right hand) {rPois Str+5 Int+3 Dex-3 Slay+5}
   (You found it on level 4 of the Dungeon)

   [ring of poison resistance]

   Str:       It affects your strength (+5).
   Int:       It affects your intelligence (+3).
   Dex:       It affects your dexterity (-3).
   Slay:      It affects your accuracy & damage with ranged weapons and melee
   (+5).
   rPois:     It protects you from poison.
 k - a +6 ring of dexterity (left hand)
 F - a ring of flight
 I - the amulet "Vudimoaz" {Spirit Str+3 Int+2}
   (You found it on level 6 of the Dungeon)

   [amulet of guardian spirit]

   It causes incoming damage to be divided between your reserves of health and
   magic.
   Str:       It affects your strength (+3).
   Int:       It affects your intelligence (+2).
 J - a ring of ice
Wands
 z - a wand of light (13)
 H - a wand of roots (7)
Scrolls
 h - 4 scrolls of amnesia
 n - a scroll of noise
 s - a scroll of blinking
 t - a scroll of poison {unknown}
 u - a scroll of fog
 x - a scroll of enchant weapon {unknown}
 y - 2 scrolls of fear {unknown}
 C - a scroll of teleportation
 E - 2 scrolls of magic mapping {unknown}
 L - a scroll of identify
Potions
 i - 2 potions of attraction
 j - a potion of flight
 l - a potion of lignification
 m - 2 potions of mutation
 o - a potion of berserk rage {unknown}
 v - 3 potions of magic
 A - a potion of heal wounds
 D - a potion of invisibility {unknown}
 G - a potion of cancellation {unknown}


   Skills:
 - Level 7.0 Fighting
 - Level 7.2 Axes
 * Level 6.4 Ranged Weapons
 - Level 1.7 Throwing
 + Level 3.0 Dodging
 + Level 6.3 Invocations


You had 8 spell levels left.
You didn't know any spells.
Your spell library contained the following spells:

 Spells                   Type           Power      Damage    Failure   Level
 Static Discharge         Conj/Air       0%         2-2/arc   41%         2
 Sublimation of Blood     Necr           0%         N/A       41%         2
 Wereblood                Tmut           0%         N/A       41%         2
 Airstrike                Air            0%         2d(0-16)  96%         4
 Summon Lightning Spire   Summ/Air       0%         N/A       96%         4
 Summon Hydra             Summ           0%         N/A       100%        7


Dungeon Overview and Level Annotations

Branches:
Dungeon (8/15)             Temple (1/1) D:6
   Lair: D:8-11

Altars:
Ashenzari
Cheibriados
Dithmenos
Fedhas
Makhleb
Okawaru
Qazlal
Ru
Sif Muna
Trog
Uskayaw
Vehumet

Annotations:
D:3 2 transporters, snydleywhiplash's ghost, amateur MiFi


Innate Abilities, Weirdness & Mutations

A weak demonic guardian rushes to your aid.
You are mostly covered in sharp spines.
You have a small tail.


Message History

Aim: an orc warrior, wielding a +0 trident of freezing and wearing a +0 plate armour (lightly wounded, 70% to hit)
You shoot an arrow. The arrow hits the orc warrior.
The orc warrior is moderately wounded.
An orc priest comes into view. It is wielding a +0 club.
The orc warrior hits you from afar with a +0 trident of freezing!
* * * LOW HITPOINT WARNING * * *
A demonic guardian appears!
The orc warrior freezes you.
* * * LOW HITPOINT WARNING * * *
The orc warrior hits you from afar with a +0 trident of freezing.
* * * LOW HITPOINT WARNING * * *
The orc warrior freezes you.
* * * LOW HITPOINT WARNING * * *
The orc warrior barely misses you.
You climb upwards.
The yak gores you.
* * * LOW HITPOINT WARNING * * *
There is a stone staircase leading down here.
It was a potion of heal wounds.
You feel much better. The yak gores you.
You shoot an arrow. The arrow hits the yak!
The yak is moderately wounded.
The yak is struck by your spines. The yak gores you.
You shoot an arrow. The arrow completely misses the yak.
The yak gores you!
* * * LOW HITPOINT WARNING * * *
The yak closely misses you.
You shoot an arrow. The arrow hits the yak.
The yak is heavily wounded.
The yak gores you but does no damage.
a - a +0 war axe (weapon)
You hit the yak.
The yak is heavily wounded.
The yak is struck by your spines. The yak gores you but does no damage.
You closely miss the yak.
The yak is severely wounded.
The yak gores you.
* * * LOW HITPOINT WARNING * * *
The yak gores you but does no damage.
You closely miss the yak. You tail-slap the yak.
The yak is severely wounded.
The yak is struck by your spines. The yak gores you!
You die...
Fedhas appreciates your contribution to the ecosystem.

#.###.##### #.......<.#
#.####.#### #.# #.# #
#.# #.# #. #.# #.# ..
#.# #.# ...###)#######
#.####.## .......††..Y@#
#.......# ###..#.#####.#
.######.## #.##+#####.#
........# #.......##.#
#######.# #.......##.#
#.# #.......'..# #.#
........##############.#
............(..........#
.#######################


You could see a yak.

Vanquished Creatures
  A hornet (D:7)
  Sigmund (D:2)
  4 yaks (D:7)
  An ice beast (D:6)
  2 black bears
  An ogre (D:5)
  A centaur (D:6)
  A phantom (D:6)
  Blork the orc (D:3)
  3 bullfrogs
  A gnoll sergeant (D:6)
  7 wights
  A quasit (D:3)
  2 jellies (D:6)
  2 orc priests
  A hound (D:6)
  2 gnoll boudas
  3 iguanas
  Jessica (D:3)
  2 orc wizards
  11 gnolls
  13 adders
  4 white imps
  2 ufetubi
  A worm (D:2)
  2 dart slugs (D:4)
  15 orcs
  8 endoplasms
  3 giant cockroaches
  13 goblins
  10 hobgoblins
  19 jackals
  8 kobolds
  6 quokkas
  4 ball pythons
  8 bats
  2 frilled lizards
  5 rats
172 creatures vanquished.

Vanquished Creatures (collateral kills)
  A centaur (D:7)
1 creature vanquished.

Grand Total: 173 creatures vanquished

Notes
Turn   | Place    | Note
-------+----------+-------------------------------------------
     0 | D:1      | porpoise the Demonspawn Gladiator began the quest for the
                  | Orb.
     0 | D:1      | Reached XP level 1. HP: 16/16 MP: 1/1
    49 | D:1      | Found a faded altar of an unknown god.
   100 | D:1      | Gained mutation: You are partially covered in sharp spines.
                  | [demonic ancestry]
   100 | D:1      | Reached XP level 2. HP: 22/22 MP: 2/2
   384 | D:1      | Gained mutation: You are mostly covered in sharp spines.
                  | [demonic ancestry]
   384 | D:1      | Reached XP level 3. HP: 28/28 MP: 3/3
  1029 | D:2      | Gained mutation: You have a small tail. [demonic ancestry]
  1029 | D:2      | Reached XP level 4. HP: 34/34 MP: 4/4
  1312 | D:2      | Noticed Sigmund
  1328 | D:2      | Killed Sigmund
  1329 | D:2      | Reached skill level 5 in Axes
  1329 | D:2      | Reached XP level 5. HP: 15/42 MP: 5/5
  1716 | D:3      | Reached XP level 6. HP: 47/48 MP: 6/6
  1796 | D:3      | Found a transporter.
  1807 | D:3      | Noticed snydleywhiplash's ghost (amateur MiFi)
  1808 | D:3      | Identified the +6 giant spiked club "Keleukh" {venom, rC+
                  | Dex-2 Stlth+}
  1908 | D:3      | Noticed Jessica
  1916 | D:3      | Killed Jessica
  2127 | D:3      | Found a transporter.
  2217 | D:4      | Noticed Blork the orc
  2229 | D:3      | Killed Blork the orc
  2615 | D:4      | Reached XP level 7. HP: 47/55 MP: 7/7
  2774 | D:4      | Identified the ring "Ymneirog" {rPois Str+5 Int+3 Dex-3
                  | Slay+5}
  3053 | D:5      | Entered Level 5 of the Dungeon
  3245 | D:5      | Reached skill level 5 in Fighting
  3592 | D:5      | Reached skill level 1 in Ranged Weapons
  3925 | D:6      | Gained mutation: A weak demonic guardian rushes to your
                  | aid. [demonic ancestry]
  3925 | D:6      | Reached XP level 8. HP: 63/63 MP: 8/8
  3927 | D:6      | Found a staircase to the Ecumenical Temple.
  3940 | Temple   | Entered the Ecumenical Temple
  4125 | Temple   | Became a worshipper of Fedhas Madash
  4173 | D:6      | Reached skill level 1 in Invocations
  4798 | D:6      | Identified the +0 scale mail of the Sun {rC+ rCorr Str-4}
  5120 | D:6      | Identified the amulet "Vudimoaz" {Spirit Str+3 Int+2}
  5225 | D:6      | Reached * piety under Fedhas
  5554 | D:7      | Reached XP level 9. HP: 63/71 MP: 12/12
  5622 | D:7      | Reached skill level 5 in Ranged Weapons
  5630 | D:7      | Reached skill level 5 in Invocations
  5700 | D:7      | Slain by a yak

Illustrated notes

Levels and vault maps discovered:
D:1:      doesnt_arrival_eight_statues, layout_basic,
          hellmonk_ecumenical_altar_prayer_group
D:2:      layout_basic, minmay_quadrilaterals, uniq_sigmund
D:3:      wander_river, layout_rooms, gammafunk_ghost_smash, uniq_jessica
D:4:      layout_rooms, serial_demonic, serial_demonic_f, serial_demonic_d,
          serial_demonic_b, serial_demonic_e, uniq_blork_the_orc
D:5:      layout_cave_pods
D:6:      layout_basic, minmay_temple_entry_mist
D:7:      layout_basic, uniq_pikel
D:8:      minmay_the_grid_four_pointed_star [minmay_the_grid_triangle_9x9_steps,
          minmay_the_grid_triangle_9x9_limited_checkers,
          minmay_the_grid_triangle_9x9_semitri,
          minmay_the_grid_triangle_9x9_minimal,
          minmay_the_grid_prize_four_corners_diamond_a], layout_cave_pools,
          minmay_lair_entry_grove, serial_shops, nicolae_shop_drivethru
Temple:   nicolae_temple_bog_church

Skill      XL: |  1  2  3  4  5  6  7  8  9 |
---------------+----------------------------+-----
Axes           | 3 4 5 6 7 |  7.2
Fighting       | 3 4 5 6 7 |  7.0
Ranged Weapons | 1 4 6 |  6.4
Invocations    | 4 6 |  6.3
Dodging        | 3 |  3.0
Throwing       | |  1.7

Action                     |  1- 3 |  4- 6 |  7- 9 || total
---------------------------+-------+-------+-------++-------
  Melee: War axe           |    50 |    46 |    47 ||   143
         Punch             |     1 |       |       ||     1
         Tailslap          |       |     5 |     2 ||     7
   Fire: Longbow           |    15 |    53 |   144 ||   212
  Throw: Throwing net      |       |     1 |       ||     1
    Use: Potion            |       |     2 |     6 ||     8
         Scroll            |       |     5 |     5 ||    10
   Stab: Sleeping          |       |     2 |       ||     2
 Armour: Leather armour    |    20 |     9 |       ||    29
         Robe              |       |     9 |    27 ||    36
  Dodge: Dodged            |    34 |    53 |    73 ||   160
